 Dungeon Crawl Stone Soup version 0.21-a0-529-g8c7b3f5 (webtiles) character file.

7849 mopl the Spear-Bearer (level 11, -4/89 HPs)
             Began as a Gnoll Berserker on Dec 10, 2017.
             Was a High Priest of Trog.
             Slain by a death yak (21 damage)
             ... on level 11 of the Dungeon.
             The game lasted 00:17:06 (10458 turns).

mopl the Spear-Bearer (Gnoll Berserker)            Turns: 10458, Time: 00:17:07

Health: -4/89      AC: 17    Str: 22    XL:     11   Next: 21%
Magic:  6/6        EV: 10    Int: 12    God:    Trog [*****.]
Gold:   251        SH:  0    Dex: 15    Spells: 22/22 levels left

rFire    . . .     SeeInvis +   s - +6 glaive (antimagic)
rCold    . . .     Gourm    .   (shield currently unavailable)
rNeg     . . .     Faith    .   y - +0 plate armour
rPois    .         Spirit   .   X - +3 crown of Dyrovepreva {rElec Int+2 SInv}
rElec    +         Reflect  .   k - scarf {cloud immunity}
rCorr    .         Harm     .   z - +0 pair of gloves
MR       +....                  (no boots)
Stlth    ..........             (no amulet)
HPRegen  0.24/turn              E - ring of protection from magic
MPRegen  0.10/turn              (no ring)

@: berserk cooldown, slowed, very slow
A: distributed training, fangs 1, strong nose
a: Berserk, Trog's Hand, Brothers in Arms, Burn Spellbooks, Renounce Religion


You were on level 11 of the Dungeon.
You worshipped Trog.
Trog was extremely pleased with you.
You were hungry.

You visited 1 branch of the dungeon, and saw 11 of its levels.
You also visited: Ossuary.

You collected 665 gold pieces.
You spent 414 gold pieces at shops.

Inventory:

Hand Weapons
 s - a +6 antimagic glaive (weapon)
 C - a +0 longbow
 P - a +0 hunting sling
 S - a +0 blowgun
 Y - a +2 long sword of electrocution
Missiles
 e - 367 stones (quivered)
 j - 38 poisoned needles
 l - 119 sling bullets
 m - 11 tomahawks
 r - 205 arrows
 K - 97 bolts
 W - a throwing net
Armour
 k - a scarf of cloud immunity (worn)
 v - the +1 robe "Mehits" {*Corrode MR+ Str+3 Stlth+, unknown}
   (You found it on level 4 of the Dungeon)

   It affects your strength (+3).
   It affects your resistance to hostile enchantments.
   It may corrode you when you take damage.
   It makes you more stealthy.
 y - a +0 plate armour (worn)
 z - a +0 pair of gloves (worn)
 M - +0 ice dragon scales
 X - the +3 crown of Dyrovepreva (worn) {rElec Int+2 SInv}
   (You bought it in a shop on level 8 of the Dungeon)

   It affects your intelligence (+2).
   It insulates you from electricity.
   It lets you see invisible.
Magical Staves
 V - an uncursed staff of fire
Jewellery
 E - a ring of protection from magic (left hand)
Wands
 Z - a wand of paralysis (10)
Scrolls
 a - a scroll of torment {unknown}
 f - 2 scrolls of random uselessness {unknown}
 o - 2 scrolls of enchant armour {unknown}
 q - a scroll of fear {unknown}
 u - 4 scrolls of teleportation {unknown}
 w - 2 scrolls of blinking {unknown}
 A - a scroll of enchant weapon {unknown}
 D - 3 scrolls of amnesia {unknown}
 J - 2 scrolls of fog {unknown}
 L - 4 scrolls of remove curse {unknown}
 U - a scroll of noise {unknown}
Potions
 b - 3 potions of resistance
 g - 2 potions of ambrosia
 n - 5 potions of agility
 p - 5 potions of curing
 t - 5 potions of lignification {!q}
 x - 2 potions of heal wounds
 B - 3 potions of brilliance
 F - a potion of magic
 G - 3 potions of invisibility
 H - 2 potions of cancellation
 I - a potion of flight
 N - a potion of haste
 Q - 2 potions of might
 R - a potion of mutation {!q}
Books
 i - a book of Changes

   Spells                             Type                      Level
   a - Beastly Appendage              Transmutation                1
   b - Sticks to Snakes               Transmutation                2
   c - Spider Form                    Transmutation/Poison         3
   d - Ice Form                       Ice/Transmutation            4
   e - Blade Hands                    Transmutation                5
   Trog disapproves of the use of such an item.
 O - a book of Battle

   Spells                             Type                      Level
   a - Infusion                       Charms                       1
   b - Shroud of Golubria             Charms/Translocation         2
   c - Song of Slaying                Charms                       2
   d - Spectral Weapon                Hexes/Charms                 3
   e - Regeneration                   Charms/Necromancy            3
   Trog disapproves of the use of such an item.
 T - a book of Flames

   Spells                             Type                      Level
   a - Flame Tongue                   Conjuration/Fire             1
   b - Throw Flame                    Conjuration/Fire             2
   c - Conjure Flame                  Conjuration/Fire             3
   d - Inner Flame                    Hexes/Fire                   3
   e - Sticky Flame                   Conjuration/Fire             4
   f - Fireball                       Conjuration/Fire             5
   Trog disapproves of the use of such an item.
Comestibles
 c - 10 bread rations
 d - 6 meat rations
 h - 5 royal jellies


   Skills:
 + Level 9.0 Fighting
 + Level 6.0 Short Blades
 + Level 6.0 Long Blades
 + Level 6.0 Axes
 + Level 6.0 Maces & Flails
 + Level 9.0 Polearms
 + Level 6.0 Staves
 + Level 6.0 Slings
 + Level 6.0 Bows
 + Level 6.0 Crossbows
 + Level 6.0 Throwing
 + Level 7.6 Armour
 + Level 7.6 Dodging
 + Level 6.0 Stealth
 + Level 6.0 Shields
 + Level 6.0 Unarmed Combat
 + Level 6.0 Spellcasting
 + Level 4.9 Conjurations
 + Level 4.9 Hexes
 + Level 4.9 Charms
 + Level 4.9 Summonings
 + Level 4.9 Necromancy
 + Level 4.9 Translocations
 + Level 4.9 Transmutations
 + Level 4.9 Fire Magic
 + Level 4.9 Ice Magic
 + Level 4.9 Air Magic
 + Level 4.9 Earth Magic
 + Level 4.9 Poison Magic
 + Level 6.5 Invocations
 + Level 6.0 Evocations


You had 22 spell levels left.
You didn't know any spells.

Dungeon Overview and Level Annotations

Branches:
Dungeon (11/15)            Temple (0/1) D:7             Orc (0/2) D:9
   Lair: D:8-11

Altars:
Cheibriados
Elyvilon
Gozag
Nemelex Xobeh
Okawaru
Ru
Sif Muna
Uskayaw
Vehumet
Xom
Zin
The Shining One

Shops:
D:4 [   D:8 [


Innate Abilities, Weirdness & Mutations

Your experience applies equally to all skills.
You have very sharp teeth.
Your uncanny sense of smell can sniff out nearby items.


Message History

Drop what? 52/52 slots (_ for help) (? for menu, Esc to quit)
You are now empty-handed.
You drop a +0 glaive.
You see here a glowing glaive {god gift}.
s - a glowing glaive {god gift} Wield which item (- for none, * to show all)? (? for menu, Esc to quit)
You feel magic leave you.
s - a +6 antimagic glaive (weapon)
Things that are here:
a +0 troll leather armour; a quokka corpse; a troll corpse
Things that are here:
a yak skeleton; a death yak corpse You start resting.
A death yak comes into view.
The death yak bellows!
A kobold comes into view. It is wielding a dagger.
The kobold shouts!
Your troll goes berserk!
You are feeling hungry.
The kobold hits you but does no damage. x2; The death yak gores you!!
You die...

#.##............[.######
..##.######.....÷.)....##
####.#########.##.###...#
...........#
#.#......#..#
####.#####.#
#.#..###..$.# # #.# #.#
#.#..####.#. . #.#####.#
#.#.......# . #....##.#
#.#Y#####.# . ####.##.#
#.#@# #.......# #)#K# #
#.##.#### #.#T#####.#∆
#.# #.<...).#.#
#.##.########)###..>#
#........##.#)# #...#
####.###.#.#†/###...#
.........###)........#
###.......#.####..####


You could see a death yak, a kobold and a friendly troll (berserk).

Vanquished Creatures
  A two-headed ogre (D:11)
  A death yak (D:11)
  An unseen horror (D:10)
  Psyche (D:8)
  2 trolls (D:11)
  Prince Ribbit (D:7)
  A hippogriff (D:8)
  8 yaks
  Menkaure (D:5)
  The ghost of lemonriz the Ruffian, an amateur DrTm (D:4)
  A soldier ant (D:11)
  Duvessa (D:7)
  A sky beast (D:11)
  2 black bears
  2 orc warriors
  An ice beast (D:9)
  2 ogres
  2 centaurs
  A big kobold (D:11)
  2 bullfrogs
  Dowan (D:7)
  A water moccasin zombie (Ossuary)
  2 wyvern skeletons
  4 scorpions
  4 wights (D:7)
  2 howler monkeys (D:7)
  A vampire bat (D:3)
  6 crimson imps
  2 centaur zombies
  A centaur skeleton (D:9)
  2 hounds
  A jelly (D:10)
  7 orc priests
  A bullfrog skeleton (D:10)
  3 iguanas
  5 orc wizards
  6 worker ants
  4 big kobold zombies (Ossuary)
  A hound zombie (D:8)
  3 hound skeletons
  2 mummies (Ossuary)
  3 worker ant zombies
  7 adders
  A howler monkey skeleton (D:9)
  4 shadow imps
  An ooze (D:1)
  10 adder zombies (Ossuary)
  2 worms (D:2)
  A dart slug (D:2)
  3 fire bats (D:3)
  4 leopard geckos
  48 orcs
  2 spectral bats (D:3)
  A ball python (D:2)
  16 bats
  3 bat skeletons (D:3)
  A bat zombie (D:3)
  5 giant cockroaches
  4 gnoll zombies (Ossuary)
  6 goblins
  6 hobgoblins
  7 jackals
  3 quokkas
  A bat simulacrum (D:3)
  5 frilled lizards
  8 hobgoblin zombies (Ossuary)
  A jackal skeleton (D:7)
  12 kobolds
  2 kobold zombies (Ossuary)
  4 orc zombies (Ossuary)
  6 rats
269 creatures vanquished.

Notes
Turn   | Place    | Note
-------+----------+-------------------------------------------
     0 | D:1      | mopl the Gnoll Berserker began the quest for the Orb.
     0 | D:1      | Reached XP level 1. HP: 23/23 MP: 1/1
   185 | D:1      | Reached XP level 2. HP: 29/29 MP: 2/2
   619 | D:1      | Reached XP level 3. HP: 35/35 MP: 3/3
   893 | D:2      | Reached skill level 1 in Invocations
   963 | D:2      | Reached skill level 1 in Short Blades
   963 | D:2      | Reached skill level 1 in Long Blades
   963 | D:2      | Reached skill level 1 in Axes
   963 | D:2      | Reached skill level 1 in Maces & Flails
   963 | D:2      | Reached skill level 1 in Staves
   963 | D:2      | Reached skill level 1 in Slings
   963 | D:2      | Reached skill level 1 in Bows
   963 | D:2      | Reached skill level 1 in Crossbows
   963 | D:2      | Reached skill level 1 in Throwing
   963 | D:2      | Reached skill level 1 in Stealth
   963 | D:2      | Reached skill level 1 in Shields
   963 | D:2      | Reached skill level 1 in Unarmed Combat
   963 | D:2      | Reached skill level 1 in Spellcasting
   963 | D:2      | Reached skill level 1 in Evocations
  1004 | D:2      | Reached ** piety under Trog
  1009 | D:2      | Reached XP level 4. HP: 33/41 MP: 5/5
  1206 | D:2      | Found a shimmering altar of Xom.
  1368 | D:3      | Reached skill level 1 in Conjurations
  1368 | D:3      | Reached skill level 1 in Hexes
  1368 | D:3      | Reached skill level 1 in Charms
  1368 | D:3      | Reached skill level 1 in Summonings
  1368 | D:3      | Reached skill level 1 in Necromancy
  1368 | D:3      | Reached skill level 1 in Translocations
  1368 | D:3      | Reached skill level 1 in Transmutations
  1368 | D:3      | Reached skill level 1 in Fire Magic
  1368 | D:3      | Reached skill level 1 in Ice Magic
  1368 | D:3      | Reached skill level 1 in Air Magic
  1368 | D:3      | Reached skill level 1 in Earth Magic
  1368 | D:3      | Reached skill level 1 in Poison Magic
  1397 | D:3      | Found a faded altar of an unknown god.
  1424 | D:3      | Reached XP level 5. HP: 47/47 MP: 6/6
  2142 | D:3      | Reached *** piety under Trog
  2159 | D:3      | Reached skill level 2 in Invocations
  2159 | D:3      | Reached XP level 6. HP: 43/53 MP: 8/8
  2408 | D:4      | Found a sparkling altar of Nemelex Xobeh.
  2433 | D:4      | Found a white marble altar of Elyvilon.
  2503 | D:4      | Noticed lemonriz's ghost (amateur DrTm)
  2511 | D:4      | Killed lemonriz's ghost
  2511 | D:4      | Reached skill level 2 in Short Blades
  2511 | D:4      | Reached skill level 2 in Long Blades
  2511 | D:4      | Reached skill level 2 in Axes
  2511 | D:4      | Reached skill level 2 in Maces & Flails
  2511 | D:4      | Reached skill level 2 in Staves
  2511 | D:4      | Reached skill level 2 in Slings
  2511 | D:4      | Reached skill level 2 in Bows
  2511 | D:4      | Reached skill level 2 in Crossbows
  2511 | D:4      | Reached skill level 2 in Throwing
  2511 | D:4      | Reached skill level 5 in Armour
  2511 | D:4      | Reached skill level 5 in Dodging
  2511 | D:4      | Reached skill level 2 in Stealth
  2511 | D:4      | Reached skill level 2 in Shields
  2511 | D:4      | Reached skill level 2 in Unarmed Combat
  2511 | D:4      | Reached skill level 2 in Spellcasting
  2511 | D:4      | Reached skill level 2 in Evocations
  2542 | D:4      | Reached XP level 7. HP: 50/59 MP: 10/10
  2566 | D:4      | Got a fine robe
  2656 | D:4      | Found an opulent altar of Gozag.
  2835 | D:4      | Found Osep's Antique Armour Shoppe.
  2924 | D:5      | Entered Level 5 of the Dungeon
  2940 | D:5      | Found a hide-covered altar of Uskayaw.
  2986 | D:5      | Noticed Menkaure
  2993 | D:5      | Killed Menkaure
  2993 | D:5      | Reached skill level 7 in Fighting
  2993 | D:5      | Reached skill level 7 in Polearms
  2993 | D:5      | Reached skill level 2 in Conjurations
  2993 | D:5      | Reached skill level 2 in Hexes
  2993 | D:5      | Reached skill level 2 in Charms
  2993 | D:5      | Reached skill level 2 in Summonings
  2993 | D:5      | Reached skill level 2 in Necromancy
  2993 | D:5      | Reached skill level 2 in Translocations
  2993 | D:5      | Reached skill level 2 in Transmutations
  2993 | D:5      | Reached skill level 2 in Fire Magic
  2993 | D:5      | Reached skill level 2 in Ice Magic
  2993 | D:5      | Reached skill level 2 in Air Magic
  2993 | D:5      | Reached skill level 2 in Earth Magic
  2993 | D:5      | Reached skill level 2 in Poison Magic
  3081 | D:5      | Found a glowing golden altar of the Shining One.
  3320 | D:5      | Reached skill level 3 in Invocations
  3653 | D:5      | Reached XP level 8. HP: 67/67 MP: 12/12
  3994 | D:6      | Found a sand-covered staircase.
  3999 | Ossuary  | Entered an ossuary
  4090 | Ossuary  | Reached skill level 3 in Short Blades
  4090 | Ossuary  | Reached skill level 3 in Long Blades
  4090 | Ossuary  | Reached skill level 3 in Axes
  4090 | Ossuary  | Reached skill level 3 in Maces & Flails
  4090 | Ossuary  | Reached skill level 3 in Staves
  4090 | Ossuary  | Reached skill level 3 in Slings
  4090 | Ossuary  | Reached skill level 3 in Bows
  4090 | Ossuary  | Reached skill level 3 in Crossbows
  4090 | Ossuary  | Reached skill level 3 in Throwing
  4090 | Ossuary  | Reached skill level 3 in Stealth
  4090 | Ossuary  | Reached skill level 3 in Shields
  4090 | Ossuary  | Reached skill level 3 in Unarmed Combat
  4090 | Ossuary  | Reached skill level 3 in Spellcasting
  4090 | Ossuary  | Reached skill level 3 in Evocations
  4139 | Ossuary  | Reached **** piety under Trog
  5359 | D:7      | Found a radiant altar of Vehumet.
  5602 | D:7      | Found a staircase to the Ecumenical Temple.
  5790 | D:7      | Found a snail-covered altar of Cheibriados.
  6110 | D:7      | Reached skill level 4 in Invocations
  6122 | D:7      | Reached skill level 3 in Conjurations
  6122 | D:7      | Reached skill level 3 in Hexes
  6122 | D:7      | Reached skill level 3 in Charms
  6122 | D:7      | Reached skill level 3 in Summonings
  6122 | D:7      | Reached skill level 3 in Necromancy
  6122 | D:7      | Reached skill level 3 in Translocations
  6122 | D:7      | Reached skill level 3 in Transmutations
  6122 | D:7      | Reached skill level 3 in Fire Magic
  6122 | D:7      | Reached skill level 3 in Ice Magic
  6122 | D:7      | Reached skill level 3 in Air Magic
  6122 | D:7      | Reached skill level 3 in Earth Magic
  6122 | D:7      | Reached skill level 3 in Poison Magic
  6127 | D:7      | Reached XP level 9. HP: 11/72 MP: 14/14
  6130 | D:7      | Reached skill level 6 in Armour
  6130 | D:7      | Reached skill level 6 in Dodging
  6431 | D:7      | Noticed Duvessa
  6449 | D:7      | Killed Duvessa
  6457 | D:7      | Noticed Dowan
  6467 | D:7      | Killed Dowan
  6761 | D:7      | Noticed Prince Ribbit
  6770 | D:7      | Killed Prince Ribbit
  6770 | D:7      | Reached skill level 4 in Short Blades
  6770 | D:7      | Reached skill level 4 in Long Blades
  6770 | D:7      | Reached skill level 4 in Axes
  6770 | D:7      | Reached skill level 4 in Maces & Flails
  6770 | D:7      | Reached skill level 4 in Staves
  6770 | D:7      | Reached skill level 4 in Slings
  6770 | D:7      | Reached skill level 4 in Bows
  6770 | D:7      | Reached skill level 4 in Crossbows
  6770 | D:7      | Reached skill level 4 in Throwing
  6770 | D:7      | Reached skill level 4 in Stealth
  6770 | D:7      | Reached skill level 4 in Shields
  6770 | D:7      | Reached skill level 4 in Unarmed Combat
  6770 | D:7      | Reached skill level 4 in Spellcasting
  6770 | D:7      | Reached skill level 4 in Evocations
  7045 | D:8      | Received a gift from Trog
  7165 | D:8      | Found Kiawu's Armour Boutique.
  7173 | D:8      | Bought the +3 crown of Dyrovepreva {rElec Int+2 SInv} for 414 gold pieces
  7173 | D:8      | Found the +3 crown of Dyrovepreva {rElec Int+2 SInv}
  7222 | D:8      | Reached skill level 8 in Fighting
  7222 | D:8      | Reached skill level 8 in Polearms
  7433 | D:8      | Noticed Psyche
  7437 | D:8      | Killed Psyche
  7437 | D:8      | Reached skill level 5 in Invocations
  7953 | D:8      | Found an iron altar of Okawaru.
  8069 | D:9      | Reached XP level 10. HP: 80/80 MP: 17/17
  8202 | D:9      | Found a sacrificial altar of Ru.
  8205 | D:9      | Found a deep blue altar of Sif Muna.
  8208 | D:9      | Found a glowing silver altar of Zin.
  8305 | D:9      | Reached skill level 4 in Conjurations
  8305 | D:9      | Reached skill level 4 in Hexes
  8305 | D:9      | Reached skill level 4 in Charms
  8305 | D:9      | Reached skill level 4 in Summonings
  8305 | D:9      | Reached skill level 4 in Necromancy
  8305 | D:9      | Reached skill level 4 in Translocations
  8305 | D:9      | Reached skill level 4 in Transmutations
  8305 | D:9      | Reached skill level 4 in Fire Magic
  8305 | D:9      | Reached skill level 4 in Ice Magic
  8305 | D:9      | Reached skill level 4 in Air Magic
  8305 | D:9      | Reached skill level 4 in Earth Magic
  8305 | D:9      | Reached skill level 4 in Poison Magic
  8411 | D:9      | Received a gift from Trog
  8466 | D:9      | Received a gift from Trog
  8516 | D:9      | Found a staircase to the Orcish Mines.
  8841 | D:10     | Entered Level 10 of the Dungeon
  8923 | D:10     | Reached ***** piety under Trog
  8948 | D:10     | Reached skill level 5 in Short Blades
  8948 | D:10     | Reached skill level 5 in Long Blades
  8948 | D:10     | Reached skill level 5 in Axes
  8948 | D:10     | Reached skill level 5 in Maces & Flails
  8948 | D:10     | Reached skill level 5 in Staves
  8948 | D:10     | Reached skill level 5 in Slings
  8948 | D:10     | Reached skill level 5 in Bows
  8948 | D:10     | Reached skill level 5 in Crossbows
  8948 | D:10     | Reached skill level 5 in Throwing
  8948 | D:10     | Reached skill level 5 in Stealth
  8948 | D:10     | Reached skill level 5 in Shields
  8948 | D:10     | Reached skill level 5 in Unarmed Combat
  8948 | D:10     | Reached skill level 5 in Spellcasting
  8948 | D:10     | Reached skill level 5 in Evocations
  9398 | D:10     | Reached skill level 7 in Armour
  9398 | D:10     | Reached skill level 7 in Dodging
  9416 | D:10     | Received a gift from Trog
  9511 | D:10     | Noticed an unseen horror
  9523 | D:10     | Killed an unseen horror
  9523 | D:10     | Reached skill level 6 in Invocations
  9918 | D:11     | Noticed a two-headed ogre
  9932 | D:11     | Killed a two-headed ogre
  9969 | D:11     | Reached XP level 11. HP: 22/87 MP: 19/19
 10388 | D:11     | Noticed a death yak
 10407 | D:11     | HP: 2/87 [troll (7)]
 10423 | D:11     | Received a gift from Trog
 10426 | D:11     | Killed a death yak
 10431 | D:11     | Reached skill level 9 in Fighting
 10431 | D:11     | Reached skill level 9 in Polearms
 10432 | D:11     | Reached skill level 6 in Short Blades
 10432 | D:11     | Reached skill level 6 in Long Blades
 10432 | D:11     | Reached skill level 6 in Axes
 10432 | D:11     | Reached skill level 6 in Maces & Flails
 10432 | D:11     | Reached skill level 6 in Staves
 10432 | D:11     | Reached skill level 6 in Slings
 10432 | D:11     | Reached skill level 6 in Bows
 10432 | D:11     | Reached skill level 6 in Crossbows
 10432 | D:11     | Reached skill level 6 in Throwing
 10432 | D:11     | Reached skill level 6 in Stealth
 10432 | D:11     | Reached skill level 6 in Shields
 10432 | D:11     | Reached skill level 6 in Unarmed Combat
 10432 | D:11     | Reached skill level 6 in Spellcasting
 10432 | D:11     | Reached skill level 6 in Evocations
 10451 | D:11     | Noticed a death yak
 10458 | D:11     | Slain by a death yak

Vault maps used:
D:1:      dpeg_arrival_snail, minmay_misc_feat_tower
D:2:      lemuel_coloured_pillars_altar
D:3:      chequers_ecumenical_altar_simple_redux, first_bread, goddamned_bats
D:4:      nicolae_overflow_hidden_temple, lemuel_doored_altar,
          nicolae_overflow_crystal_walls, serial_shops, kennysheep_mini_moat
D:5:      tso_oasis_becter, basic_altar, uniq_menkaure
D:6:      nicolae_ossuary_entry_false_entrances, serial_co_window_serial,
          co_window_of_opportunity_a, co_window_paths_b, co_window_corner_a,
          co_window_paths_a, co_window_corner_a, co_window_paths_a,
          co_window_corner_a, co_window_broadway_c, co_window_corner_b,
          co_window_corner_ca, co_window_of_opportunity_b,
          kennysheep_generic_room_15
D:7:      lemuel_round_altar, old_standard_altar, minmay_temple_entry_junction,
          grunt_ogre_cave, uniq_duvessa, uniq_prince_ribbit1
D:8:      kennysheep_mini, serial_shops, shop, uniq_psyche
D:9:      grunt_temple_overflow_diamond, hiddenorc2_lemuel
D:11:     dpeg_lair_monsters
Ossuary:  ossuary_tomb_2

Skill      XL: |  1  2  3  4  5  6  7  8  9 10 11 |
---------------+----------------------------------+-----
Invocations    | 1 2 3 4 5 6 |  6.5
Short Blades   | 1 2 3 4 5 6 |  6.0
Long Blades    | 1 2 3 4 5 6 |  6.0
Axes           | 1 2 3 4 5 6 |  6.0
Maces & Flails | 1 2 3 4 5 6 |  6.0
Staves         | 1 2 3 4 5 6 |  6.0
Slings         | 1 2 3 4 5 6 |  6.0
Bows           | 1 2 3 4 5 6 |  6.0
Crossbows      | 1 2 3 4 5 6 |  6.0
Throwing       | 1 2 3 4 5 6 |  6.0
Stealth        | 1 2 3 4 5 6 |  6.0
Shields        | 1 2 3 4 5 6 |  6.0
Unarmed Combat | 1 2 3 4 5 6 |  6.0
Spellcasting   | 1 2 3 4 5 6 |  6.0
Evocations     | 1 2 3 4 5 6 |  6.0
Conjurations   | 1 2 3 4 |  4.9
Hexes          | 1 2 3 4 |  4.9
Charms         | 1 2 3 4 |  4.9
Summonings     | 1 2 3 4 |  4.9
Necromancy     | 1 2 3 4 |  4.9
Translocations | 1 2 3 4 |  4.9
Transmutations | 1 2 3 4 |  4.9
Fire Magic     | 1 2 3 4 |  4.9
Ice Magic      | 1 2 3 4 |  4.9
Air Magic      | 1 2 3 4 |  4.9
Earth Magic    | 1 2 3 4 |  4.9
Poison Magic   | 1 2 3 4 |  4.9
Armour         | 5 6 7 |  7.6
Dodging        | 5 6 7 |  7.6
Fighting       | 7 8 9 |  9.0
Polearms       | 7 8 9 |  9.0

Action                   |  1- 3 |  4- 6 |  7- 9 | 10-12 || total
-------------------------+-------+-------+-------+-------++-------
Melee: Spear             |   117 |    76 |   176 |       ||   369
       Bite              |    12 |    12 |    76 |    38 ||   138
       Glaive            |       |   106 |   320 |   259 ||   685
       Punch             |       |       |     1 |       ||     1
Throw: Stone             |       |       |     2 |       ||     2
Invok: Berserk           |       |     1 |     4 |     3 ||     8
       Burn Spellbooks   |       |       |       |     2 ||     2
       Brothers in Arms  |       |       |       |     1 ||     1
Evoke: Wand              |       |       |       |     3 ||     3
  Use: Scroll            |       |       |       |    12 ||    12
       Potion            |       |       |       |     1 ||     1
 Stab: Sleeping          |       |     1 |       |       ||     1
  Eat: Chunk             |       |     7 |    15 |    10 ||    32
       Royal jelly       |       |       |     3 |       ||     3
       Fruit             |       |       |       |     1 ||     1
Armor: Ring mail         |    35 |    89 |       |       ||   124
       Plate armour      |       |       |   278 |   149 ||   427
Dodge: Dodged            |    53 |   195 |   210 |   125 ||   583

Table legend:
 A = Spawn XP
 B = Non-spawn XP
 C = Spawn XP percentage of total XP
 D = Spawn monster count
 E = Non-spawn monster count
 F = Spawn count percentage of total count
 G = Total turns spent on level
                    A         B        C        D         E        F      G
               +---------+---------+-------+---------+---------+-------+---------
         Total |       0 |   11213 |   0.0 |       0 |     269 |   0.0 | 10458
               +---------+---------+-------+---------+---------+-------+---------
           D:1 |       0 |      35 |   0.0 |       0 |      18 |   0.0 |   845
           D:2 |       0 |      83 |   0.0 |       0 |      30 |   0.0 |   498
           D:3 |       0 |     250 |   0.0 |       0 |      35 |   0.0 |   929
           D:4 |       0 |     297 |   0.0 |       0 |       7 |   0.0 |   652
           D:5 |       0 |     550 |   0.0 |       0 |      10 |   0.0 |   811
           D:6 |       0 |     247 |   0.0 |       0 |       8 |   0.0 |  1161
           D:7 |       0 |    1525 |   0.0 |       0 |      30 |   0.0 |  1701
           D:8 |       0 |    1367 |   0.0 |       0 |      18 |   0.0 |  1027
           D:9 |       0 |     615 |   0.0 |       0 |      40 |   0.0 |   798
          D:10 |       0 |    2587 |   0.0 |       0 |      20 |   0.0 |  1330
          D:11 |       0 |    3375 |   0.0 |       0 |      18 |   0.0 |   287
       Ossuary |       0 |     282 |   0.0 |       0 |      35 |   0.0 |   419
               +---------+---------+-------+---------+---------+-------+---------
